 Dungeon Crawl Stone Soup version 0.30-a0-364-gf6b3ef1049 (webtiles) character file.

Game seed: 8064899260864375121

107 billz999 the Grave Robber (level 4, -5/32 HPs)
             Began as a Gnoll Necromancer on Nov 15, 2022.
             Splashed by a jelly's acid (9 damage)
             ... on level 2 of the Dungeon.
             The game lasted 00:02:37 (1078 turns).

billz999 the Grave Robber (Gnoll Necromancer)       Turns: 1078, Time: 00:02:38

Health: -5/32      AC: -1    Str:  7    XL:     4   Next: 86%
Magic:  11/11      EV: 13    Int: 16    God:
Gold:   114        SH:  0    Dex: 13    Spells: 12/13 levels left

rFire   . . .      SeeInvis .    e - +0 rapier (drain)
rCold   . . .      Faith    .    (no shield)
rNeg    . . .      Spirit   .    a - +0 robe
rPois   .          Reflect  .    (no helmet)
rElec   .          Harm     .    (no cloak)
rCorr   .          Rampage  .    (no gloves)
Will    +....                    (no boots)
Stlth   +++.......               d - amulet of regeneration
HPRegen 1.05/turn                i - ring of willpower
MPRegen 0.12/turn                (no ring)

@: corroded
A: fangs 1, strong nose, distributed training
a: no special abilities


You were on level 2 of the Dungeon.
You visited 1 branch of the dungeon, and saw 2 of its levels.

You collected 114 gold pieces.

Inventory:

Hand Weapons
 c - a +0 sling
 e - a +0 rapier of draining (weapon)
Missiles
 j - 6 curare-tipped darts
Armour
 a - a +0 robe (worn)
Jewellery
 d - an amulet of regeneration (around neck)
 i - a ring of willpower (left hand)
Wands
 k - a wand of flame (10)
Scrolls
 f - 3 scrolls of identify {unknown}
 h - 2 scrolls of amnesia {unknown}
Potions
 b - a potion of brilliance {unknown}
 g - a potion of heal wounds {unknown}


   Skills:
 + Level 1.3 Fighting
 + Level 1.3 Short Blades
 + Level 1.3 Long Blades
 + Level 1.3 Axes
 + Level 1.3 Maces & Flails
 + Level 1.3 Polearms
 + Level 1.3 Staves
 + Level 1.3 Ranged Weapons
 + Level 1.3 Throwing
 + Level 1.3 Armour
 + Level 4.7 Dodging
 + Level 4.3 Stealth
 + Level 1.3 Shields
 + Level 1.3 Unarmed Combat
 + Level 5.1 Spellcasting
 + Level 1.0 Conjurations
 + Level 1.0 Hexes
 + Level 1.0 Summonings
 + Level 7.1 Necromancy
 + Level 1.0 Translocations
 + Level 1.0 Transmutations
 + Level 1.0 Fire Magic
 + Level 1.0 Ice Magic
 + Level 1.0 Air Magic
 + Level 1.0 Earth Magic
 + Level 1.0 Poison Magic
 + Level 1.4 Invocations
 + Level 1.3 Evocations


You had 12 spell levels left.
You knew the following spells:

 Your Spells              Type           Power      Damage    Failure   Level
a - Necrotise             Necr           100%       1d9       1%          1

Your spell library contained the following spells:

 Spells                   Type           Power      Damage    Failure   Level
 Vampiric Draining        Necr           27%        2d7       2%          3
 Animate Dead             Necr           27%        N/A       8%          4
 Agony                    Necr           27%        N/A       22%         5


Dungeon Overview and Level Annotations

Branches:
Dungeon (2/15)

Altars:

Shops:
D:1 (*:


Innate Abilities, Weirdness & Mutations

You have very sharp teeth.
Your uncanny sense of smell can sniff out nearby items.
Your experience applies equally to all skills.


Message History

The endoplasm is heavily wounded.
The endoplasm hits you but does no damage.
You hit the endoplasm but do no damage.
The endoplasm is heavily wounded.
The endoplasm freezes you.
You are frozen.
You hit the endoplasm.
You bite the endoplasm, but do no damage.
The endoplasm is almost dead.
The endoplasm freezes you.
You are frozen.
You hit the endoplasm.
You kill the endoplasm!
You hit the jelly.
Your hands burn!
The jelly is moderately wounded.
The jelly closely misses you.
You completely miss the jelly.
The jelly is moderately wounded.
The jelly closely misses you. The jelly hits you. The acid corrodes you!
You are splashed with acid!
You are too injured to fight recklessly!
You are too injured to fight recklessly!
You barely miss the jelly.
The jelly is moderately wounded.
The jelly closely misses you.
The endoplasm quivers.
You hit the jelly. You drain the jelly.
Your hands burn!
The jelly is severely wounded.
The jelly closely misses you.
You hit the jelly.
Your hands burn!
The jelly is severely wounded.
The jelly barely misses you.
You completely miss the jelly.
The jelly is severely wounded.
The jelly hits you.
You are splashed with acid!
* * * LOW HITPOINT WARNING * * *
The jelly attacks as you move away! The jelly hits you.
* * * LOW HITPOINT WARNING * * *
You are splashed with acid!
You die...

.# .# .# .# .# ########
.# ##########J....÷#
.########......##J......#
......##.......#J#......#
)###..'........#@#PJJ÷P.#
.# #..)..).....#)#.J.÷..#
.# ##.'......#'#.#JPPPP.#
## #.##.....#.#.#J÷..J.#
# #####....#.#.#.PPPPP#
#######.##.....$#
########### #############
### #......<....#


You could see a jelly (very drained) and 2 endoplasms.

Vanquished Creatures
  A jelly (D:2)
  Terence (D:2)
  An adder (D:2)
  A ball python (D:1)
  3 bats (D:1)
  4 endoplasms (D:2)
  A goblin (D:1)
  4 hobgoblins (D:1)
  A quokka (D:1)
  6 frilled lizards (D:1)
  8 kobolds
  2 rats (D:1)
33 creatures vanquished.

Vanquished Creatures (collateral kills)
  A gnoll (D:1)
1 creature vanquished.

Vanquished Creatures (others)
  4 fungi (D:2)
  6 toadstools (D:2)
10 creatures vanquished.

Grand Total: 44 creatures vanquished

Notes
Turn   | Place    | Note
-------+----------+-------------------------------------------
     0 | D:1      | billz999 the Gnoll Necromancer began the quest for the Orb.
     0 | D:1      | Reached XP level 1. HP: 13/13 MP: 6/6
    58 | D:1      | Found a faded altar of an unknown god.
   240 | D:1      | Reached XP level 2. HP: 20/20 MP: 3/7
   431 | D:1      | Reached skill level 5 in Spellcasting
   431 | D:1      | Reached XP level 3. HP: 20/25 MP: 7/9
   553 | D:1      | Found Teus's Assorted Antiques.
   592 | D:1      | Found Xyryas's Book Boutique.
   734 | D:1      | Found Sybaoxit's Weapon Shoppe.
   936 | D:2      | Noticed Terence
   943 | D:2      | Reached skill level 1 in Invocations
   954 | D:2      | Killed Terence
   955 | D:2      | Reached skill level 1 in Fighting
   955 | D:2      | Reached skill level 1 in Short Blades
   955 | D:2      | Reached skill level 1 in Long Blades
   955 | D:2      | Reached skill level 1 in Axes
   955 | D:2      | Reached skill level 1 in Maces & Flails
   955 | D:2      | Reached skill level 1 in Polearms
   955 | D:2      | Reached skill level 1 in Staves
   955 | D:2      | Reached skill level 1 in Ranged Weapons
   955 | D:2      | Reached skill level 1 in Throwing
   955 | D:2      | Reached skill level 1 in Armour
   955 | D:2      | Reached skill level 1 in Shields
   955 | D:2      | Reached skill level 1 in Unarmed Combat
   955 | D:2      | Reached skill level 1 in Evocations
   955 | D:2      | Reached XP level 4. HP: 5/32 MP: 8/11
  1061 | D:2      | Reached skill level 1 in Conjurations
  1061 | D:2      | Reached skill level 1 in Hexes
  1061 | D:2      | Reached skill level 1 in Summonings
  1061 | D:2      | Reached skill level 1 in Translocations
  1061 | D:2      | Reached skill level 1 in Transmutations
  1061 | D:2      | Reached skill level 1 in Fire Magic
  1061 | D:2      | Reached skill level 1 in Ice Magic
  1061 | D:2      | Reached skill level 1 in Air Magic
  1061 | D:2      | Reached skill level 1 in Earth Magic
  1061 | D:2      | Reached skill level 1 in Poison Magic
  1078 | D:2      | Splashed by a jelly's acid

Illustrated notes

Levels and vault maps discovered:
D:1:      spicycebolla_arrival_clurvy, layout_basic, serial_shops,
          nicolae_shop_bloodbath_and_beyond, nicolae_shop_overgrown_old_shop,
          shop, nicolae_ecumenical_lake_church, minmay_lizard_pond
D:2:      cheibrodos_fertilizer, layout_loops_ring, uniq_terence, uniq_natasha

Skill      XL: |  1  2  3  4 |
---------------+-------------+-----
Spellcasting   | 5 |  5.1
Invocations    | 1 |  1.4
Fighting       | 1 |  1.3
Short Blades   | 1 |  1.3
Long Blades    | 1 |  1.3
Axes           | 1 |  1.3
Maces & Flails | 1 |  1.3
Polearms       | 1 |  1.3
Staves         | 1 |  1.3
Ranged Weapons | 1 |  1.3
Throwing       | 1 |  1.3
Armour         | 1 |  1.3
Shields        | 1 |  1.3
Unarmed Combat | 1 |  1.3
Evocations     | 1 |  1.3
Conjurations   | 1 |  1.0
Hexes          | 1 |  1.0
Summonings     | 1 |  1.0
Translocations | 1 |  1.0
Transmutations | 1 |  1.0
Fire Magic     | 1 |  1.0
Ice Magic      | 1 |  1.0
Air Magic      | 1 |  1.0
Earth Magic    | 1 |  1.0
Poison Magic   | 1 |  1.0
Dodging        | |  4.7
Stealth        | |  4.3
Necromancy     | |  7.1

Action                   |  1- 3 |  4- 6 || total
-------------------------+-------+-------++-------
Melee: Rapier            |       |    30 ||    30
       Bite              |       |     1 ||     1
 Fire: Sling             |    51 |     2 ||    53
 Cast: Necrotise         |    18 |       ||    18
  Use: Potion            |     1 |       ||     1
Armor: Robe              |     1 |     7 ||     8
Dodge: Dodged            |    15 |    19 ||    34

Table legend: (Time is in decaauts)
 A = Elapsed time spent in this place.
 B = Non-inter-level travel time spent in this place.
 C = Inter-level travel time spent in this place.
 D = Time resting spent in this place.
 E = Time spent auto-exploring this place.
 F = Levels seen in this place.
 G = Mean time per level.
                   A        B        C        D        E       F      G
               +--------+--------+--------+--------+--------+-----+--------+
         Total |   1101 |   1059 |     42 |      0 |    854 |   2 |  550.5 |
       Dungeon |   1101 |   1059 |     42 |      0 |    854 |   2 |  550.5 |
               +--------+--------+--------+--------+--------+-----+--------+

Top non-repeatable levels by time:
     D:1: 891 daAuts
     D:2: 210 daAuts
